Cogmind - Beta 15 @@@ ROGUE MODE // 2025.09.24 @ 22:12:12 Player: The Sun Result: Destroyed by Y-45 Defender with Beam Rifle Performance ------------- Evolutions (1) 500 Regions Visited (4) 800 Robots Destroyed (38) 190 Value Destroyed (842) 842 Prototype IDs (2) 40 Alien Tech Used (0) 0 Bonus (0) 0 TOTAL SCORE: 2372 Bonus ------- None Cogmind --------- Core Integrity 0/400 Matter 255/300 Energy 100/100 System Corruption 3% Temperature Cool (9) Movement Walking (190) Ox1 Location -9/Storage Parts ------- > --- POWER (2) -------- (None) > --- PROPULSION (2) --- Aluminum Leg > --- UTILITY (2) ------ Medium Storage Unit > --- WEAPON (3) ------- Mace Mace > --- INVENTORY (10) --- Heat Sink Huge Storage Unit Improved Targeting Computer ECM Suite Peak State ------------ > --- POWER ------------ Ion Engine Ion Engine > --- PROPULSION ------- Aluminum Leg Aluminum Leg > --- UTILITY ---------- Medium Storage Unit Hardened Light Armor Plating > --- WEAPON ----------- Medium Laser Autogun Mining Claw > --- INVENTORY -------- Light Ion Engine Aluminum Leg Small Storage Unit ECM Suite Light Assault Rifle Autogun Grenade Launcher Rocket Launcher [Rating: 12] Favorites ----------- Power Ion Engine Engine Ion Engine Propulsion Aluminum Leg Leg Aluminum Leg Wheel Wheel Utility Medium Storage Unit Device ECM Suite Storage Medium Storage Unit Protection Hardened Light Armor Plating Weapon Autogun Energy Gun Medium Laser Ballistic Gun Autogun Launcher Rocket Launcher Impact Weapon Mace Slashing Weapon Mining Claw Build | -11 -10 -10 -9 -9 ------- Run | Yrd Mat Min Mat Sto Slots Evolved 2 | . . . 2 . Power 1 | . . . 1 . Propulsion . | . . . . . Utility . | . . . . . Weapon 1 | . . . 1 . Parts Attached 27 | 6 4 1 6 10 Power 5 | 1 1 . 1 2 Engine 5 | 1 1 . 1 2 Core . | . . . . . Reactor . | . . . . . Propulsion 6 | 2 . . 1 3 Treads . | . . . . . Leg 5 | 2 . . 1 2 Wheel 1 | . . . . 1 Hover . | . . . . . Flight . | . . . . . Utility 6 | 1 2 . 2 1 Device 1 | . 1 . . . Storage 3 | 1 1 . 1 . Processor . | . . . . . Hackware . | . . . . . Protection 2 | . . . 1 1 Artifact . | . . . . . Weapon 10 | 2 1 1 2 4 Energy Gun 2 | 1 1 . . . Energy Cannon . | . . . . . Ballistic Gun 3 | 1 . . 1 1 Ballistic Cannon . | . . . . . Launcher 2 | . . 1 . 1 Special Weapon . | . . . . . Impact Weapon 2 | . . . . 2 Slashing Weapon 1 | . . . 1 . Piercing Weapon . | . . . . . Special Melee Weapon . | . . . . . Unidentified Prototypes . | . . . . . Parts Lost 18 | . 1 . 1 16 Power 5 | . . . 1 4 Propulsion 4 | . . . . 4 Utility 2 | . . . . 2 Weapon 7 | . 1 . . 6 Highest Loss Streak 8 | . 1 . 1 8 To Critical Strikes 1 | . . . . 1 Average Backups 6 | 1 4 6 8 7 Power . | . 1 2 1 . Propulsion . | . . 1 . . Utility 2 | . . 1 2 3 Weapon 2 | . 2 2 3 2 Tool/Special . | . . . . . Unused Backups 2 | . . . . 2 Power . | . . . . . Propulsion . | . . . . . Utility 2 | . . . . 2 Weapon . | . . . . . Tool/Special . | . . . . . Average Slot Usage (%) 88 | . 96 93 98 79 Engine 14 | . 14 14 20 12 Leg 20 | . 28 28 22 14 Wheel 1 | . . . . 2 Device 5 | . 11 14 4 . Storage 12 | . 14 14 11 11 Protection 5 | . . . 6 9 Energy Gun 8 | . 17 14 11 2 Ballistic Gun 10 | . 9 . 10 14 Launcher 2 | . . 8 . 2 Slashing Weapon 5 | . . . 11 7 Peak Build Rating 12 | 6 7 7 12 12 Average Rating 8 | 4 6 6 11 9 On Entrance 6 | . 6 6 7 12 Naked Turns . | . . . . . Heaviest Build 102 | 13 21 22 102 102 Greatest Support 20 | 20 20 20 20 20 Greatest Overweight (x) 7 | . 1 1 5 7 Average Overweight (x) 1 | . . . 1 2 Largest Inventory Capacity 25 | 8 10 10 25 25 Average Capacity 12 | 6 8 10 12 16 Most Carried 10 | 4 7 7 10 10 Average Carried 6 | 1 4 6 8 7 Final Capacity 25 | 8 10 10 25 10 Final Carried 10 | 2 7 7 10 4 Class Distribution -------------------- 100% | Mutant Dominant Class ---------------- Mutant | -10/Materials Mutant | -10/Mines Mutant | -9/Materials Mutant | -9/Storage Resources | -11 -10 -10 -9 -9 ----------- Run | Yrd Mat Min Mat Sto Matter Collected 901 | 185 70 50 199 397 Remotely . | . . . . . Salvage Created 1141 | . 200 28 338 575 Parts 78 | . 17 4 24 33 Haulers Intercepted 1 | . . . . 1 Recyclers Shooed 1 | . 1 . . . Parts Field Recycled . | . . . . . Retrieved Matter . | . . . . . Parts Self-Destructed . | . . . . . Prevented . | . . . . . Kills | -11 -10 -10 -9 -9 ------- Run | Yrd Mat Min Mat Sto Combat Hostiles Destroyed 29 | . 5 6 6 12 Melee 1 | . . . . 1 Guns 19 | . 5 . 6 8 AOE 9 | . . 6 . 3 Classes Destroyed 8 | . 4 . 1 3 Worker 2 | . . . . 2 Builder 3 | . 2 . 1 . Hauler 1 | . . . . 1 Recycler 1 | . . . . 1 Watcher 2 | . 1 . 1 . Swarmer 12 | . 3 6 . 3 Grunt 10 | . 2 . 4 4 Sentry 7 | . . . 2 5 Best Kill Streak 4 | . 3 3 3 4 Combat Bots Only 3 | . 2 3 3 3 Max Kills in Single Turn 2 | . 2 2 1 2 Gunslinging 1 | . 1 . . . Exploded 2 | . . 2 . 2 Melee 1 | . . . . 1 Uniques/NPCs Destroyed . | . . . . . Combat | -11 -10 -10 -9 -9 -------- Run | Yrd Mat Min Mat Sto Hostile Shots Fired 278 | . 46 17 15 200 Missed 71 | . 13 2 6 50 Hits 207 | . 33 15 9 150 Projectile 207 | . 33 15 9 150 Critical Strikes 6 | . 2 . . 4 Damage Taken 2442 | . 311 206 117 1808 Core 587 | . 105 76 21 385 Absorbed by Shields . | . . . . . Regen/Repaired (Parts) 153 | . . . 68 85 Core Remaining (%) 63 | 100 . 27 . . Volleys Fired 124 | . 19 8 21 76 Largest 2 | . 2 2 2 2 Hottest 90 | . 90 80 73 73 Shots Fired 194 | . 38 12 41 103 Gun 187 | . 38 8 41 100 Cannon . | . . . . . Launcher 7 | . . 4 . 3 Special . | . . . . . Kinetic 133 | . 14 . 21 98 Thermal 35 | . 5 8 20 2 Explosive 7 | . . 4 . 3 Electromagnetic 19 | . 19 . . . Robot Hit Streak 12 | . 12 1 9 8 Robot Miss Streak 6 | . 6 3 4 3 Penetration Max . | . . . . . Secondary Targets 3 | . 2 . . 1 Max Gunslinging Chain 1 | . 1 . . 1 Shots Hit Robots 129 | . 22 3 28 76 Core Hits 53 | . 11 6 11 25 Critical Kills . | . . . . . Critical Parts Destroyed 2 | . . . . 2 Critical Strikes 2 | . . . . 2 Smash 2 | . . . . 2 Melee Attacks 9 | . . . . 9 Impact 8 | . . . . 8 Slashing 1 | . . . . 1 Piercing . | . . . . . Sneak Attacks . | . . . . . Combat Hostiles . | . . . . . Follow-up Attacks . | . . . . . Damage Inflicted 2422 | . 240 346 398 1438 Guns 1502 | . 226 13 398 865 Cannons . | . . . . . Explosions 755 | . . 333 . 422 Melee 151 | . . . . 151 Ramming 14 | . 14 . . . Kinetic 1153 | . 55 . 233 865 Thermal 216 | . 38 13 165 . Explosive 755 | . . 333 . 422 Electromagnetic 133 | . 133 . . . Impact 151 | . . . . 151 Slashing . | . . . . . Piercing . | . . . . . Highest Corruption 3 | . 1 1 . 3 Average Corruption 2 | . 1 1 . 2 Corruption Purged . | . . . . . Corruption Blocked . | . . . . . Effects 12 | . . . . 12 Message Errors 4 | . . . . 4 Matter Fused 4 | . . . . 4 Heat Flow Errors 2 | . . . . 2 Energy Discharges 1 | . . . . 1 Alerts 1 | . . . . 1 Overload Shots . | . . . . . Overflow Damage 79 | . . 21 . 58 Projectiles . | . . . . . Explosions 21 | . . 21 . . Melee 58 | . . . . 58 Knockbacks . | . . . . . Impact . | . . . . . Kinetic . | . . . . . Secondary . | . . . . . Self-Inflicted Damage 82 | . . 82 . . Shots 4 | . . 4 . . Rammed . | . . . . . Targets Rammed 1 | . 1 . . . Kicked 1 | . 1 . . . Crushed . | . . . . . Highest Temperature 199 | . 150 40 199 132 Average Temperature 44 | . 38 21 70 34 Received Heat Transfer 552 | . 36 . 51 465 Siege Activations . | . . . . . Martial Activations . | . . . . . Shielding Activations . | . . . . . Robots Disrupted . | . . . . . Combat Hostiles . | . . . . . Robots Corrupted . | . . . . . Combat Hostiles . | . . . . . Parts Fried 1 | . . . . 1 Impact Corruptions 2 | . . . . 2 Robots Melted . | . . . . . Combat Hostiles . | . . . . . Parts Melted 2 | . . 1 1 . Heat Transferred 629 | . 111 37 481 . Parts Sabotaged . | . . . . . Parts Stolen . | . . . . . Parts Stripped . | . . . . . Power Chain Reactions . | . . . . . Alert | -11 -10 -10 -9 -9 ------- Run | Yrd Mat Min Mat Sto Maximum Alert Level . | . . . . . Low Security (%) 100 | 100 100 100 100 100 Level 1 . | . . . . . Level 2 . | . . . . . Level 3 . | . . . . . Level 4 . | . . . . . Level 5 . | . . . . . High Security . | . . . . . Max Security . | . . . . . Peak Influence 113 | . 95 106 81 113 Initial 25 | . . 16 25 1 Average 23 | . 24 42 19 19 Influence Increases 907 | . 137 166 202 402 Destroy 0b10 Robot/C 580 | . 100 120 120 240 Destroy 0b10 Robot/NC 45 | . 15 . 10 20 Destroy Leader 166 | . 22 20 52 72 Successful Hack 3 | . . . 3 . Disable Machine 15 | . . . . 15 Destroy Structure 53 | . . 26 2 25 Lose Combat Pursuer 45 | . . . 15 30 Influence Decreases 839 | . 95 142 262 340 Entered New Map 72 | . . 26 41 5 Time Decay 589 | . 85 116 150 238 Lost Part 107 | . 10 . . 97 Purge Threat 71 | . . . 71 . Squads Dispatched 7 | . 1 . 4 2 Investigation 3 | . . . 2 1 Extermination . | . . . . . Reinforcement 4 | . 1 . 2 1 Assault . | . . . . . Garrison . | . . . . . Intercept . | . . . . . Searches Triggered . | . . . . . Construction Impeded . | . . . . . Haulers Reinforced . | . . . . . Active Scanning Responses . | . . . . . Cargo Convoy Interrupts . | . . . . . Stealth | -11 -10 -10 -9 -9 --------- Run | Yrd Mat Min Mat Sto Distress Signals 1 | . . . 1 . Communications Jammed . | . . . . . Distress Signals . | . . . . . Times Spotted 40 | . 10 6 10 14 Peak Tracking Total 5 | . 4 3 4 5 Tactical Retreats 5 | . 1 . 2 2 Traps | -11 -10 -10 -9 -9 ------- Run | Yrd Mat Min Mat Sto Traps Triggered 5 | . 1 . 1 3 Indirectly . | . . . . . Trap Hack Attempts . | . . . . . Triggered . | . . . . . Disarmed . | . . . . . Reprogrammed . | . . . . . Reused . | . . . . . Traps Extracted . | . . . . . Installed . | . . . . . Triggered . | . . . . . Machines | -11 -10 -10 -9 -9 ---------- Run | Yrd Mat Min Mat Sto Machines Disabled 1 | . . . . 1 Max in Single Turn 1 | . . . . 1 Machines Repaired . | . . . . . Machines Dismantled . | . . . . . Machines Sabotaged . | . . . . . Overloaded Fab Kills . | . . . . . Hacking | -11 -10 -10 -9 -9 --------- Run | Yrd Mat Min Mat Sto Machines Accessed 9 | . 4 1 2 2 Terminals 4 | . 2 1 1 . Fabricators . | . . . . . Repair Stations 3 | . 1 . 1 1 Recycling Units 2 | . 1 . . 1 Scanalyzers . | . . . . . Garrison Access . | . . . . . Total Hacks 25 | . 13 1 6 5 Successful 18 | . 8 1 5 4 Failed 7 | . 5 . 1 1 Catastrophic . | . . . . . Database Lockouts . | . . . . . Manual 3 | . . . . 3 Terminals 12 | . 8 1 3 . Fabricators . | . . . . . Repair Stations 9 | . 3 . 3 3 Recycling Units 4 | . 2 . . 2 Scanalyzers . | . . . . . Garrison Access . | . . . . . Terminal Hacks 8 | . 4 1 3 . Record 2 | . 1 . 1 . Prototype ID Bank 1 | . 1 . . . Branch Access Points 1 | . 1 . . . Alert Level 1 | . . . 1 . Unreport Threat 1 | . . . 1 . Surveillance Status 1 | . 1 . . . Zone Layout 1 | . . 1 . . Fabricator Hacks . | . . . . . Repair Station Hacks 6 | . 2 . 2 2 Scan Component 4 | . 2 . 1 1 Repair 2 | . . . 1 1 Recycling Unit Hacks 4 | . 2 . . 2 Recycle Component 1 | . . . . 1 Process 2 | . 1 . . 1 Report Inventory 1 | . 1 . . . Scanalyzer . | . . . . . Garrison Access Hacks . | . . . . . Unauthorized Hacks . | . . . . . Terminals . | . . . . . Fabricators . | . . . . . Repair Stations . | . . . . . Recycling Units . | . . . . . Scanalyzers . | . . . . . Garrison Access . | . . . . . Data Cores Recovered . | . . . . . Used . | . . . . . Hacking Detections 6 | . 3 1 1 1 Full Trace Events 1 | . . . 1 . Feedback Events . | . . . . . Feedback Blocked . | . . . . . Robot Schematics Acquired . | . . . . . Robots Built . | . . . . . Authchips . | . . . . . Time . | . . . . . Total Robot Build Rating . | . . . . . Part Schematics Acquired . | . . . . . Parts Built . | . . . . . Authchips . | . . . . . Time . | . . . . . Total Part Build Rating . | . . . . . Parts Repaired 2 | . . . 1 1 Time 62 | . . . 36 26 Parts Recycled 1 | . . . . 1 Recycled Matter 239 | . 9 . . 230 Retrieved Matter . | . . . . . Retrieved Components . | . . . . . Parts Scanalyzed . | . . . . . Part Schematics Acquired . | . . . . . Parts Damaged . | . . . . . Bothacking | -11 -10 -10 -9 -9 ------------ Run | Yrd Mat Min Mat Sto Used RIF Installer . | . . . . . Robots Hacked . | . . . . . Non-combat . | . . . . . Combat . | . . . . . Robot Hacks Applied . | . . . . . Relay Couplers Released . | . . . . . Fabnet Peak Effective % . | . . . . . Robots Rewired . | . . . . . Allies Hacked . | . . . . . Hacks Repelled . | . . . . . Allies | -11 -10 -10 -9 -9 -------- Run | Yrd Mat Min Mat Sto Total Allies . | . . . . . Largest Group . | . . . . . Highest-Rated Group . | . . . . . Highest-Rated Ally . | . . . . . Total Orders . | . . . . . Ally Attacks . | . . . . . Total Damage . | . . . . . Kills . | . . . . . Allies Corrupted . | . . . . . Allies Melted . | . . . . . Intel | -11 -10 -10 -9 -9 ------- Run | Yrd Mat Min Mat Sto Active Infowar (turns) 823 | . 320 335 168 . ECM 823 | . 320 335 168 . Robot Analysis Total . | . . . . . Derelict Logs Recovered . | . . . . . Drone Launches . | . . . . . Drone Recoveries . | . . . . . Exploration | -11 -10 -10 -9 -9 ------------- Run | Yrd Mat Min Mat Sto Turns Passed 2186 | 69 374 335 449 959 Spaces Moved 911 | 56 228 202 157 268 Core 23 | 17 . . . 6 Treads . | . . . . . Legs 795 | 39 228 202 157 169 Wheels 93 | . . . . 93 Hover . | . . . . . Flight . | . . . . . Fastest Speed 50 | 50 120 120 190 110 Average Speed 181 | 98 133 155 216 238 Slowest Speed 470 | 120 190 190 470 470 Overloaded Moves . | . . . . . Propulsion Burnouts . | . . . . . Robots Hopped . | . . . . . Potential Cave-ins . | . . . . . Cave-ins Triggered . | . . . . . Exploration Rate (%) 27 | 5 48 43 15 28 Regions Visited 4 Branch Regions 2 Pre-discovered Areas . | . . . . . Known Exits Taken 1 | . 1 . . . Unknown Exits Taken 3 | 1 . 1 1 . Scrap Searched 1 | . . 1 . . Spaces Dug . | . . . . . Terrain Destroyed 53 | . . 31 . 22 Melee . | . . . . . Projectile . | . . . . . AOE 53 | . . 31 . 22 Terrain Rammed . | . . . . . Walls Destroyed . | . . . . . Machines Disabled . | . . . . . Actions | -11 -10 -10 -9 -9 --------- Run | Yrd Mat Min Mat Sto Total 1267 | 69 262 211 236 489 Wait 149 | . 4 . 36 109 Move 907 | 55 227 201 156 268 Hop . | . . . . . Pick Up 36 | 8 6 1 10 11 Fast Attach . | . . . . . Attach 29 | 6 2 1 6 14 Detach 5 | . 1 . 3 1 Swap 3 | . 2 . 1 . Drop 4 | . . . 3 1 Fire 124 | . 19 8 21 76 Melee 9 | . . . . 9 Ram . | . . . . . Kick 1 | . 1 . . . Crush . | . . . . . Escape Stasis . | . . . . . Rewire . | . . . . . Trap . | . . . . . Miscellaneous . | . . . . . Route ------- -11/Scrapyard -10/Materials (discovered 2 exits: *Min x2) -10/Mines -9/Materials -9/Storage History --------- Turn | Location | Event 11 | -11/Scrapyard | Discovered new exit (range 15) 70 | -11/Scrapyard | Entered Materials 201 | -10/Materials | Identified exit to Mines 316 | -10/Materials | Build established: Mutant 444 | -10/Materials | Entered Mines 569 | -10/Mines | Core integrity fell below 50% 746 | -10/Mines | Discovered new exit (range 7) 753 | -10/Mines | Received a Rocket Launcher from a helpful Derelict 779 | -10/Mines | Entered Materials 779 | -9/Materials | Evolved 2 slots: Power x1, Weapon x1 1018 | -9/Materials | Repaired Broken Lgt. Assault Rifle 1123 | -9/Materials | Discovered new exit (range 12) 1228 | -9/Materials | Entered Storage 1737 | -9/Storage | Repaired Aluminum Leg 1855 | -9/Storage | Core integrity fell below 50% 1918 | -9/Storage | Lost 8 parts (2p2n1u3w) 2142 | -9/Storage | Core integrity fell below 20% 2187 | -9/Storage | Destroyed by Y-45 Defender with Beam Rifle Last Messages --------------- effect. R-06 Scavenger collects Lgt. Ion Engine. R-06 Scavenger collects Wheel. Y-45 Defender suffers critical hit (Smash). Destroyed Heat Sink. Y-45 Defender system corrupted by crushing effect. Med. Armor Plating destroyed. Wheel destroyed. Ion Engine destroyed. U-05 Engineer destroyed. R-06 Scavenger collects Welding Torch. R-06 Scavenger destroyed. System corrupted: Heat flow error (+126). Heat Sink fried. Y-45 Defender destroyed. Acquired 35 matter. R-06 Scavenger collects Sml. Storage Unit. R-06 Scavenger collects Wheel. R-06 Scavenger collects Tractor Beam. Map ----- +----------------------------------------------------+ | | | | | | | ???########??????????????????????????????????????? | | ???# ####???????????????????????????????????? | | ???# """" """#???????????????????????????????????? | | ?### """" R"#???????????????????????????????????? | | ?# + """" """#???????????????????????????????????? | | ?# # """" ####???????????????????????????????????? | | ?# # #??????????????????????????????????????? | | ?# #### ###??????????????????????????????????????? | | ?# #??###????????????????????????????????????????? | | ?# #?????????????????????????????????????????????? | | ?# ###########???????????????????????????????????? | | ?# # #???????????????????????????????????? | | ?# # """" #???????????????????????????????????? | | ?# # "??" #?????###???????????????????????????? | | ?# # "??" #?#####T##??????????????????????????? | | ?# # "??" #?#!!!" #??????????????????????????? | | ?# # "??" #?#!! #??????????????????????????? | | ?# # """" ####### #??????????????????????????? | | ?# # ###+###???????????? ##??????????? | | ?# ##+###/######## ###+###### #??????????? | | ?# =u=* #??????????? | | ?# % !|% r Y #??????????? | | ?# = @% #??????????? | | ?# #### ####### ########## #??????????? | | ?# #?# T ### ##?????????????????????????? | | ?# ### # #??????????????????????????? | | ?# ##"" # #??????????????????????????? | | ?# ##"Y # #??????????????????????????? | | ?# ##"" """" # #??????????????????????????? | | ?# #### """" + #??????????????????????????? | | ?# #??# """" # #??????????????????????????? | | ##+##+#### """" # #??????????????????????????? | | # # # #??????????????????????????? | | #""" # # #??????????????????????????? | | #""" ####### ## #??????????????????????????? | | #""" #??????##? #??????????????????????????? | | # #???????????????????????????????????????? | | #""" #???????????????????????????????????????? | | #""" #???????????????????????????????????????? | | #""" #???????????????????????????????????????? | | # [%! #???????????????????????????????????????? | | #####+####???????????????????????????????????????? | | ??# !=! #????????????????????????????????????????? | | ??# #????????????????????????????????????????? | | ??# % #????????????????????????????????????????? | | ??# #????????????????????????????????????????? | | ??# #????????????????????????????????????????? | +----------------------------------------------------+ Best States ------------- Heat Dissipation 28 Energy Generation 15 Energy Capacity 400 Matter Stores 300 Matter Capacity 300 Sight Range 16 Terrain Scan Density 10 ECM Strength 1 Armor Coverage 225 Evasion (%) 55 Item Schematics ----------------- None Robot Schematics ------------------ None Fabricated ------------ Nothing Repaired ---------- Lgt. Assault Rifle | 15% | -9/Materials | Broken Aluminum Leg | 5% | -9/Storage Alien Tech Used ----------------- None Achievements -------------- Everything Is Under Control Let's See Who's Tougher Loot Pinata Challenges ------------ None Game ------ Seed HypertargetingKineticRailgun Manual? 0 Play Time 00:18:48 Cumulative 1.9 hours Start 2025.09.24 @ 21:53:23 End 2025.09.24 @ 22:12:12 Sessions 1 Manual Loads 0 Difficulty Rogue Special Mode None Game No. 7 Rogue 7 Adventurer 0 Explorer 0 Win Type - Total 0 Types 0/0/0/0/0/0/0/0/0/0 Lore% 2 Gallery% 4 Achievement% 6 Wizard Run 0 Options --------- Layout 1 ASCII 0 Keyboard 0 Movement Mouse Keybinds 0 Fullscreen 1 Font 32/SmallcapsGlow Map View 50x35 Zoom Use 0% Tactical HUD 0 Map Filters NONE Filters NONE Steam 1 RUN: 92819bf9-cac8-41bd-b822-ac0be4dd8be1